 Dungeon Crawl Stone Soup version 0.26-a0-649-gf8c6c3aab7 (webtiles) character file.

Game seed: 17061900628578953107

7 knot the Chopper (level 1, 0/27 HPs)
             Began as a Demonspawn Berserker on Sept 26, 2020.
             Was a Follower of Trog.
             Succumbed to an adder's poison
             ... on level 2 of the Dungeon.
             The game lasted 00:00:27 (205 turns).

knot the Chopper (Demonspawn Berserker)              Turns: 205, Time: 00:00:27

Health: 0/27       AC:  2    Str: 17    XL:     1   Next: 83%
Magic:  1/1        EV: 12    Int:  8    God:    Trog [*.....]
Gold:   16         SH:  0    Dex: 12    Spells: 0/0 levels left

rFire    . . .     SeeInvis .   a - +0 hand axe
rCold    . . .     Faith    .   (no shield)
rNeg     . . .     Spirit   .   b - +0 animal skin
rPois    .         Reflect  .   (no helmet)
rElec    .         Harm     .   (no cloak)
rCorr    .         Rampage  .   (no gloves)
MR       .....                  (no boots)
Stlth    ..........             (no amulet)
HPRegen  0.09/turn              (no ring)
MPRegen  0.07/turn              (no ring)

@: berserking, lethally poisoned (0 -> -3), very quick
A: no striking features
a: Berserk, Renounce Religion


You were on level 2 of the Dungeon.
You worshipped Trog.
Trog was aware of your devotion.
You visited 1 branch of the dungeon, and saw 2 of its levels.

You collected 16 gold pieces.

Inventory:

Hand Weapons
 a - a +0 hand axe (weapon)
Armour
 b - a +0 animal skin (worn)
Scrolls
 c - a scroll of immolation {unknown}
 e - a scroll of remove curse {unknown}
Potions
 d - a potion of curing {unknown}


   Skills:
 - Level 3.0 Fighting
 + Level 3.1 Axes
 - Level 1.7 Armour
 - Level 1.7 Dodging


You couldn't memorise any spells.
You didn't know any spells.
Your spell library was empty.

Dungeon Overview and Level Annotations

Branches:
Dungeon (2/15)

Altars:
Vehumet


Message History

The giant cockroach bites you.
Okay, then.
You hit the giant cockroach but do no damage.
The giant cockroach is severely wounded.
You feel sick.
The giant cockroach bites you but does no damage.
You slash the giant cockroach!
You kill the giant cockroach!
Trog accepts your kill.
You hit the adder. The adder bites you.
* * * LOW HITPOINT WARNING * * *
The adder closely misses you.
A red film seems to cover your vision as you go berserk!
You feel yourself moving faster!
You feel mighty! The adder bites you.
* * * LOW HITPOINT WARNING * * *
You closely miss the adder. The adder misses you.
You barely miss the adder. The adder bites you.
* * * LOW HITPOINT WARNING * * *
You barely miss the adder.
You die...

.".++..### #
..#....○#.#
.......#.# .☼._.○..
######○○...####
...............
#w.....# #########w#
####.#.†.@.....####
..........S.......##
.#.)...#####........#
#..... #........#
#.##.. #........# ..
#.. #........# . ...
#........# ....
#######..# ##.. .


You could see a worm and an adder.

Vanquished Creatures
  2 giant cockroaches
  A hobgoblin (D:1)
  A bat (D:2)
  A frilled lizard (D:1)
  A kobold (D:1)
  A rat (D:1)
7 creatures vanquished.

Vanquished Creatures (others)
  A rat (D:2)
1 creature vanquished.

Grand Total: 8 creatures vanquished

Notes
Turn   | Place    | Note
-------+----------+-------------------------------------------
     0 | D:1      | knot the Demonspawn Berserker began the quest for the Orb.
     0 | D:1      | Reached XP level 1. HP: 18/18 MP: 1/1
   147 | D:1      | You fall into a shaft and drop 1 floor!
   188 | D:2      | Found a radiant altar of Vehumet.
   204 | D:2      | HP: 1/27 [adder (2)]
   205 | D:2      | Succumbed to an adder's poison

Illustrated notes

Levels and vault maps discovered:
D:1:      dpeg_arrival_pits, layout_loops_ring, nrook_campfire, st_stairs_9
D:2:      layout_basic, fiery_altar_vehumet, kennysheep_generic_room_4

Skill      XL: |  1 |
---------------+----+-----
Axes           | 3 |  3.1
Fighting       | |  3.0
Armour         | |  1.7
Dodging        | |  1.7

Action                   || total
-------------------------++-------
Melee: Hand axe          ||    25
Invok: Berserk           ||     1
Armor: Animal skin       ||    10
Dodge: Dodged            ||    19

Table legend: (Time is in decaauts)
 A = Elapsed time spent in this place.
 B = Non-inter-level travel time spent in this place.
 C = Inter-level travel time spent in this place.
 D = Time resting spent in this place.
 E = Time spent auto-exploring this place.
 F = Levels seen in this place.
 G = Mean time per level.
                   A        B        C        D        E       F      G
               +--------+--------+--------+--------+--------+-----+--------+
         Total |    207 |    207 |      0 |      0 |    158 |   2 |  103.5 |
       Dungeon |    207 |    207 |      0 |      0 |    158 |   2 |  103.5 |
               +--------+--------+--------+--------+--------+-----+--------+

Top non-repeatable levels by time:
     D:1: 148 daAuts
     D:2: 58 daAuts
